 Dungeon Crawl Stone Soup version 0.25-a0-1137-g7f6bfe439b (webtiles) character file.

Game seed: 11684483499233882615, levelgen mode: deterministic

17 Esekla the Magician (level 2, 0/13 HPs)
             Began as a Spriggan Wizard on May 23, 2020.
             Succumbed to an adder's poison
             ... while paralysed
             ... on level 2 of the Dungeon.
             The game lasted 00:07:21 (1160 turns).

Esekla the Magician (Spriggan Wizard)               Turns: 1160, Time: 00:07:21

Health: 0/13       AC:  2    Str:  0 (3)  XL:     2   Next: 44%
Magic:  7/8        EV:  4    Int: 17 (19) God:
Gold:   40         SH:  0    Dex: 13 (14) Spells: 7/10 levels left

rFire    . . .     SeeInvis +   g - +1 dagger
rCold    . . .     Gourm    .   (shield restricted)
rNeg     . . .     Faith    .   a - +0 robe
rPois    .         Spirit   .   b - +0 hat
rElec    .         Reflect  .   (no cloak)
rCorr    .         Harm     .   (gloves unavailable)
MR       .....                  (boots unavailable)
Stlth    ++........             h - amulet of magic regeneration (curse)
HPRegen  0.01/turn              k - -4 ring of evasion (curse)
MPRegen  0.36/turn              (no ring)

@: paralysed, lethally poisoned (0 -> -25), stab, very slightly contaminated,
slowed, lost strength, very quick
A: very small, unfitting armour, see invisible, herbivore, speed 3, slow
metabolism 2
a: no special abilities


You were on level 2 of the Dungeon.
You were not hungry.

You visited 1 branch of the dungeon, and saw 4 of its levels.

You collected 40 gold pieces.

Inventory:

Hand Weapons
 g - a +1 dagger (weapon)
Missiles
 f - 18 poisoned darts (quivered)
Armour
 a - a +0 robe (worn)
 b - a +0 hat (worn)
Jewellery
 h - a cursed amulet of magic regeneration (around neck)
 k - a cursed -4 ring of evasion (left hand)
Wands
 j - a wand of iceblast (12)
Scrolls
 c - a scroll of amnesia
Comestibles
 d - a ration


   Skills:
 + Level 3.1 Dodging
 + Level 3.0 Stealth
 * Level 4.8 Spellcasting
 + Level 0.6 Conjurations
   Level 0.7 Summonings
 * Level 1.6 Translocations


You had 7 spell levels left.
You knew the following spells:

 Your Spells              Type           Power        Failure   Level  Hunger
a - Magic Dart            Conj           #...         11%         1    None
b - Blink                 Tloc           N/A          11%         2    #......

Your spell library contained the following spells:

 Spells                   Type           Power        Failure   Level  Hunger
 Call Imp                 Summ           #.......     16%         2    #......
 Slow                     Hex            #.......     22%         2    #......
 Conjure Flame            Conj/Fire      #.......     36%         3    ###....
 Mephitic Cloud           Conj/Pois/Air  #.......     36%         3    ###....


Dungeon Overview and Level Annotations

Branches:
Dungeon (4/15)
 Temple: D:4-7

Altars:


Innate Abilities, Weirdness & Mutations

You are very small and have problems with some larger weapons.
You are too small for most types of armour.
You have supernaturally acute eyesight. (SInv)
You are a herbivore.
You cover ground extremely quickly.
You need to consume almost no food.


Message History

You feel sick.
You feel sick.
A bat comes into view.
* * * LOW HITPOINT WARNING * * *
You feel sick.
You see here a stone.
Found a stone staircase leading up.
* * * LOW HITPOINT WARNING * * *
You feel sick. The bat barely misses you. The bat misses you.
* * * LOW HITPOINT WARNING * * *
You feel sick. The bat completely misses you.
You see here an amethyst potion.
e - an amethyst potion The bat closely misses you.
The frilled lizard closely misses you.
It was a potion of degeneration.
There was something very wrong with that liquid.
You feel weakened.
You have lost your strength.
You feel dopey.
You feel clumsy.
You die...

...#... #########.# ##
.......# #.#.# ..
......# #.#.# (. .....#
#...# .. #...# #.### ..
#####...#### #.# +#
..........<# #.# ..
......b....# #.# ..
.......@l..#####.#######
..
....######..(..#.......#
. .. #..##.#######.#
......#.# #.#
.......##.# #.#
........##.# #.#
........##.# #.#
.....r..##†#######.#
........##..........


You could see a bat and a frilled lizard.

Vanquished Creatures
  An adder (D:2)
  A dart slug (D:2)
  2 bats (D:3)
  A frilled lizard (D:1)
  3 rats
8 creatures vanquished.

Notes
Turn   | Place    | Note
-------+----------+-------------------------------------------
     0 | D:1      | Esekla the Spriggan Wizard began the quest for the Orb.
     0 | D:1      | Reached XP level 1. HP: 9/9 MP: 6/6
   648 | D:3      | Noticed a howler monkey
   950 | D:2      | Reached XP level 2. HP: 12/13 MP: 6/8
   954 | D:2      | Learned a level 2 spell: Blink
  1160 | D:2      | Lost strength.
  1160 | D:2      | Succumbed to an adder's poison

Illustrated notes

Levels and vault maps discovered:
D:1:      psy_arrival_spokes, layout_loops_ring, kennysheep_minor_cross
D:2:      layout_basic
D:3:      layout_basic, chequers_temple_overflow_minitemple, minmay_vboxes,
          uniq_natasha
D:4:      layout_rooms, minmay_temple_entry_waves

Action                   || total
-------------------------++-------
Melee: Dagger            ||     1
 Cast: Magic Dart        ||    22
  Use: Scroll            ||     5
       Potion            ||     2
Armor: Robe              ||     2
Dodge: Dodged            ||    26

Table legend:
 A = Non-vault XP
 B = Vault XP
 C = Vault XP percentage of total XP
 D = Non-vault monster count
 E = Vault monster count
 F = Vault count percentage of total count
                 A         B        C        D         E       F
            +---------+---------+-------+---------+---------+-------
      Total |      25 |       0 |   0.0 |       8 |       0 |   0.0
            +---------+---------+-------+---------+---------+-------
        D:1 |       2 |       0 |   0.0 |       2 |       0 |   0.0
        D:2 |      18 |       0 |   0.0 |       3 |       0 |   0.0
        D:3 |       5 |       0 |   0.0 |       3 |       0 |   0.0
            +---------+---------+-------+---------+---------+-------
